 Dungeon Crawl Stone Soup version 0.27-a0-1287-gca74d27db6 (webtiles) character file.

Game seed: 13450307217209427674

313 zero the Chopper (level 6, -2/57 HPs)
             Began as a Deep Dwarf Fighter on June 14, 2021.
             Slain by a two-headed ogre (8 damage)
             ... on level 4 of the Dungeon.
             The game lasted 00:03:05 (2491 turns).

zero the Chopper (Deep Dwarf Fighter)               Turns: 2491, Time: 00:03:06

Health: -2/57      AC:  6    Str: 28    XL:     6   Next: 19%
Magic:  6/6        EV:  7    Int:  8    God:
Gold:   242        SH: 10    Dex: 12    Spells: 5/5 levels left

rFire    . . .     SeeInvis .   a - +0 war axe
rCold    . . .     Faith    .   c - +0 kite shield
rNeg     . . .     Spirit   .   b - +0 scale mail
rPois    .         Reflect  .   (no helmet)
rElec    .         Harm     .   (no cloak)
rCorr    .         Rampage  .   (no gloves)
Will     .....                  (no boots)
Stlth    ..........             (no amulet)
HPRegen  0.00/turn              f - +6 ring of strength
MPRegen  0.10/turn              (no ring)

@: no status effects
A: damage resistance, heal wounds, sense surroundings 1, no regeneration
a: Heal Wounds


You were on level 4 of the Dungeon.
You visited 1 branch of the dungeon, and saw 4 of its levels.
You also visited: Sewer.

You collected 242 gold pieces.

Inventory:

Hand Weapons
 a - a +0 war axe (weapon)
Armour
 b - a +0 scale mail (worn)
 c - a +0 kite shield (worn)
 q - a +0 chain mail
Jewellery
 f - a +6 ring of strength (left hand)
Wands
 j - a wand of iceblast (10)
Scrolls
 e - a scroll of immolation {unknown}
 g - 2 scrolls of enchant armour {unknown}
 i - a scroll of noise {unknown}
 k - a scroll of fear {unknown}
 l - a scroll of identify
 m - a scroll of blinking
 n - 3 scrolls of teleportation {unknown}
Potions
 d - a potion of might
 h - a potion of magic {unknown}
 o - a potion of attraction {unknown}
 p - 3 potions of flight {unknown}


   Skills:
 + Level 4.0 Fighting
 + Level 6.0 Axes
 + Level 3.4 Armour
 - Level 3.3 Shields
 + Level 0.9 Evocations


You had 5 spell levels left.
You didn't know any spells.
Your spell library was empty.

Dungeon Overview and Level Annotations

Branches:
Dungeon (4/15)             Temple (0/1) D:4           Sewer (visited)

Altars:
Nemelex Xobeh
Trog
Beogh

Annotations:
D:3 1 transporter


Innate Abilities, Weirdness & Mutations

You are resistant to damage.
You can heal yourself by infusing magical energy.
You passively map a small area around you.
You do not regenerate.


Message History

No target in view!
g - 2 scrolls labelled TEUREN DAPIQ (gained 1)
Found a ring mail.
There is a stone staircase leading down here.
No target in view!
A two-headed ogre comes into view. It is wielding two +0 giant clubs.
Found a staircase to the Ecumenical Temple.
A two-headed ogre is nearby!
The two-headed ogre hits you with a +0 giant club!
You block the two-headed ogre's attack.
You feel much better.
The two-headed ogre hits you with a +0 giant club!
The two-headed ogre closely misses you.
You completely miss the two-headed ogre.
The two-headed ogre hits you with a +0 giant club!!
You block the two-headed ogre's attack.
Your shield prevents you from hitting the two-headed ogre.
You block the two-headed ogre's attack.
The two-headed ogre hits you but does no damage.
The two-headed ogre closely misses you.
The two-headed ogre hits you with a +0 giant club!!
* * * LOW HITPOINT WARNING * * *
You feel much better.
You feel much better.
The two-headed ogre hits you with a +0 giant club!!
You block the two-headed ogre's attack.
You slash the two-headed ogre!
The two-headed ogre is lightly wounded.
The two-headed ogre barely misses you. You block the two-headed ogre's attack.
You slash the two-headed ogre!
The two-headed ogre is moderately wounded.
The two-headed ogre hits you with a +0 giant club!!
* * * LOW HITPOINT WARNING * * *
The two-headed ogre hits you with a +0 giant club!
* * * LOW HITPOINT WARNING * * *
You hit the two-headed ogre.
The two-headed ogre is moderately wounded.
The two-headed ogre barely misses you.
The two-headed ogre hits you with a +0 giant club!
You die...

, ####+#.......# ,
,, * * #...#.....# ,
,* #...#....>######
, #...#..........# *
#.##.........#.#
..#..#..⌠..#....#* *
*..#..##.....##...[#
.##..#O#..##...#
#..##@##..##..#
,...##...##.....#
.⌠....>....⌠...#
..##...##.....#
,##,,##.## ##..#
,#.# * ..# * ... , *
* .⌠. , , ,


You could see a two-headed ogre.

Vanquished Creatures
  A hound (D:3)
  2 orc priests (D:4)
  An orc wizard (D:4)
  A gnoll (D:3)
  7 adders
  2 river rats (D:3)
  2 worms (D:2)
  2 dart slugs (D:1)
  2 orcs (D:4)
  10 bats
  10 endoplasms
  6 giant cockroaches
  6 goblins
  9 hobgoblins
  7 jackals
  7 kobolds
  6 quokkas
  3 ball pythons
  8 frilled lizards
  5 rats
97 creatures vanquished.

Notes
Turn   | Place    | Note
-------+----------+-------------------------------------------
     0 | D:1      | zero the Deep Dwarf Fighter began the quest for the Orb.
     0 | D:1      | Reached XP level 1. HP: 20/20 MP: 1/1
   111 | D:1      | Reached skill level 3 in Axes
   111 | D:1      | Reached XP level 2. HP: 20/27 MP: 2/2
   262 | D:1      | Reached XP level 3. HP: 33/33 MP: 3/3
   704 | D:2      | Reached skill level 4 in Axes
   755 | D:2      | Found a bloodstained altar of Trog.
   819 | D:2      | Reached XP level 4. HP: 31/40 MP: 4/4
   938 | D:2      | Reached skill level 5 in Axes
  1268 | D:2      | Found a faded altar of an unknown god.
  1434 | D:3      | Reached XP level 5. HP: 37/46 MP: 5/5
  1498 | D:3      | Reached skill level 6 in Axes
  1584 | D:3      | Found a sparkling altar of Nemelex Xobeh.
  1584 | D:3      | Found a transporter.
  1864 | D:3      | Found a glowing drain.
  1874 | Sewer    | Entered a sewer
  2265 | D:4      | Noticed a lemure
  2426 | D:4      | Reached XP level 6. HP: 47/57 MP: 6/6
  2477 | D:4      | Found a staircase to the Ecumenical Temple.
  2477 | D:4      | Noticed a two-headed ogre
  2491 | D:4      | Slain by a two-headed ogre

Illustrated notes

Levels and vault maps discovered:
D:1:      erik_arrival_cave_to_civilisation [erik_arrival_cave_to_hall],
          layout_basic
D:2:      kb_forest_paths, layout_basic, basic_altar,
          ebering_ecumenical_altar_ruins, minmay_misc_feat_room, minmay_cupped
D:3:      minmay_angry_zag, layout_rooms, grunt_nemelex_the_gamble,
          gup_sewer_entry_bubbles
D:4:      layout_basic, kennysheep_little_box,
          grunt_dithmenos_smoke_and_mirrors, minmay_temple_entry_waves,
          nrook_mini_backslash, hex_medium, kennysheep_orc_chapel, uniq_pikel

Skill      XL: |  1  2  3  4  5 |
---------------+----------------+-----
Axes           | 3 4 5 6 |  6.0
Fighting       | 4 |  4.0
Armour         | |  3.4
Shields        | |  3.3
Evocations     | |  0.9

Action                   |  1- 3 |  4- 6 || total
-------------------------+-------+-------++-------
Melee: War axe           |   102 |   181 ||   283
 Abil: Heal Wounds       |     1 |     6 ||     7
  Use: Scroll            |     2 |       ||     2
Armor: Scale mail        |    33 |    91 ||   124
Dodge: Dodged            |    28 |    56 ||    84
Block: Kite shield       |    64 |   113 ||   177

Table legend: (Time is in decaauts)
 A = Elapsed time spent in this place.
 B = Non-inter-level travel time spent in this place.
 C = Inter-level travel time spent in this place.
 D = Time resting spent in this place.
 E = Time spent auto-exploring this place.
 F = Levels seen in this place.
 G = Mean time per level.
                   A        B        C        D        E       F      G
               +--------+--------+--------+--------+--------+-----+--------+
         Total |   2741 |   2634 |    107 |    100 |   1783 |   5 |  548.2 |
       Dungeon |   2334 |   2227 |    107 |    100 |   1512 |   4 |  583.5 |
         Sewer |    407 |    407 |      0 |      0 |    270 |   1 |  407.0 |
               +--------+--------+--------+--------+--------+-----+--------+

Top non-repeatable levels by time:
     D:3: 753 daAuts
     D:1: 737 daAuts
     D:2: 722 daAuts
   Sewer: 407 daAuts
     D:4: 119 daAuts
